 Dungeon Crawl Stone Soup version 0.16-a0-3303-g3c4fcab (webtiles) character file.

109 Fiveotanaka the Insei (level 4, -1/35 HPs)
             Began as a Demigod Transmuter on Dec 25, 2014.
             Killed by divine providence
             ... invoked by an orc priest
              (13 damage)
             ... on level 3 of the Dungeon.
             The game lasted 00:10:46 (3440 turns).

Fiveotanaka the Insei (Demigod Transmuter)          Turns: 3440, Time: 00:10:46

Health: -1/35      AC:  3    Str: 13    XL:     4   Next: 34%
Magic:  8/9        EV: 12    Int: 17    God:
Gold:   67         SH:  0    Dex: 18    Spells: 1 memorised, 5 levels left

rFire  . . .     SeeInvis .       - Unarmed
rCold  . . .     Clarity  .     r - +1 robe {MR+}
rNeg   . . .     SustAb   +     (no shield)
rPois  .         Gourm    .     (no helmet)
rElec  .         Spirit   .     (no cloak)
rCorr  .         Warding  .     (no gloves)
rMut   .         Stasis   .     (boots unavailable)
MR     +....                    (no amulet)
Stlth  ++........               (no ring)
                                i - ring of flight

@: appendage (expiring), somewhat resistant to hostile enchantments, unstealthy
A: talons 3, sustain abilities
a: End Transformation, Evoke Flight


You were on level 3 of the Dungeon.
You were hungry.
You had grown temporary talons.
You visited 1 branch of the dungeon, and saw 3 of its levels.

You collected 67 gold pieces.

Inventory:

Hand weapons
 s - a +0 dagger
Missiles
 b - 33 arrows
 j - 30 stones (quivered)
 k - 3 tomahawks of returning
 o - 8 curare-tipped needles
 t - 5 needles of slowing
Armour
 c - a +0 robe
 r - a +1 robe of magic resistance (worn)
Jewellery
 i - a ring of flight (left hand)
Magical devices
 q - a wand of teleportation (4)
 w - a wand of random effects (12)
Scrolls
 e - a scroll of identify {unknown}
 l - a scroll of immolation {unknown}
 m - 2 scrolls of teleportation {unknown}
 p - 2 scrolls of amnesia {unknown}
Potions
 g - a potion of brilliance
 n - a potion of agility {unknown}
 u - a potion of haste {unknown}
 v - a potion of cancellation {unknown}
 x - a potion of heal wounds {unknown}
Books
 d - a book of Changes

   Spells                             Type                      Level
   a - Beastly Appendage              Transmutation                1
   b - Sticks to Snakes               Transmutation                2
   c - Spider Form                    Transmutation/Poison         3
   d - Ice Form                       Ice/Transmutation            4
   e - Blade Hands                    Transmutation                5
Comestibles
 a - a bread ration
 f - 2 meat rations
 h - a slice of pizza


   Skills:
 - Level 1.5 Fighting
 - Level 1.7 Dodging
 + Level 4.6 Unarmed Combat
 - Level 1.7 Spellcasting
 - Level 2.0 Transmutations


You had 5 spell levels left.
You knew the following spells:

 Your Spells              Type           Power        Failure   Level  Hunger
a - Beastly Appendage     Trmt           #.....       12%         1    #......


Dungeon Overview and Level Annotations

Branches:
Dungeon (3/15)


Innate Abilities, Weirdness & Mutations

Your attributes are resistant to harm.
You have claws for feet.


Message History

You claw the orc priest, but do no damage.
The orc priest is heavily wounded.
The orc priest hits you with a short sword.
You hit the orc priest but do no damage.
You claw the orc priest.
The orc priest is heavily wounded.
The orc priest closely misses you.
You hit the orc priest but do no damage.
You claw the orc priest.
The orc priest is severely wounded.
The orc priest invokes the aid of Beogh against you.
Something smites you!
You barely miss the orc priest. You claw the orc priest.
The orc priest is severely wounded.
The orc priest barely misses you.
You hit the orc priest but do no damage.
The orc priest is severely wounded.
The orc priest calls down the wrath of Beogh upon you.
Something smites you!
You die...

### #.##########
#o@....<...# ##
#.########......
#.###.# ...
#...#.# #
#.....#### .##
###......##..#
#...<...##.# ##
##..[....#.# .#.
#...o...#.####.#..


You could see an orc priest.

Vanquished Creatures
  Jessica (D:2)
  An adder (D:2)
  4 gnolls
  2 giant geckos
  An orc (D:3)
  3 giant cockroaches (D:1)
  6 goblins
  5 hobgoblins
  2 jackals (D:1)
  6 kobolds
  3 bats
  5 giant newts
  7 rats
46 creatures vanquished.

Notes
Turn   | Place    | Note
--------------------------------------------------------------
     0 | D:1      | Fiveotanaka, the Demigod Transmuter, began the quest for the Orb.
     0 | D:1      | Reached XP level 1. HP: 15/15 MP: 3/3
   292 | D:1      | Reached skill level 3 in Unarmed Combat
   565 | D:1      | Reached XP level 2. HP: 20/22 MP: 4/4
   636 | D:1      | HP: 1/22 [goblin (3)]
  1776 | D:2      | Reached XP level 3. HP: 24/27 MP: 5/7
  2071 | D:2      | Reached skill level 4 in Unarmed Combat
  2390 | D:2      | Reached skill level 1 in Fighting
  2406 | D:2      | HP: 1/28 [poisoned by an adder]
  2737 | D:2      | Reached XP level 4. HP: 33/35 MP: 7/9
  2808 | D:2      | Noticed Jessica
  2822 | D:2      | Killed Jessica
  3440 | D:3      | Killed from afar by an orc priest

Action                   |  1- 3 |  4- 6 || total
-------------------------+-------+-------++-------
Melee: Unarmed           |   178 |    27 ||   205
 Cast: Beastly Appendage |    21 |     5 ||    26
  Use: Potion            |     2 |       ||     2
 Stab: Sleeping          |     1 |       ||     1
  Eat: Chunk             |     6 |     2 ||     8
